 Dungeon Crawl Stone Soup version 0.29-a0-270-g1586fc07ea (webtiles) character file.

Game seed: 7074467410953497158

4 randacct the Ruffian (level 1, -3/18 HPs)
             Began as a Human Berserker on Mar 8, 2022.
             Was a Follower of Trog.
             Slain by an adder (4 damage)
             ... on level 2 of the Dungeon.
             The game lasted 00:03:08 (143 turns).

randacct the Ruffian (Human Berserker)               Turns: 143, Time: 00:03:09

Health: -3/18      AC:  2    Str: 17    XL:     1   Next: 66%
Magic:  1/1        EV: 12    Int:  7    God:    Trog [*.....]
Gold:   7          SH:  0    Dex: 12    Spells: 0/0 levels left

rFire   . . .      SeeInvis .     - Unarmed
rCold   . . .      Faith    .   (no shield)
rNeg    . . .      Spirit   .   a - +0 animal skin
rPois   .          Reflect  .   (no helmet)
rElec   .          Harm     .   (no cloak)
rCorr   .          Rampage  .   (no gloves)
Will    .....                   (no boots)
Stlth   +.........              (no amulet)
HPRegen 0.06/turn               (no ring)
MPRegen 0.07/turn               (no ring)

@: lethally poisoned (-3 -> -8)
A: no striking features
a: Renounce Religion, Berserk


You were on level 2 of the Dungeon.
You worshipped Trog.
Trog was aware of your devotion.
You visited 1 branch of the dungeon, and saw 2 of its levels.

You collected 7 gold pieces.

Inventory:

Hand Weapons
 c - a +0 club
Missiles
 b - 4 atropa-tipped darts (quivered)
 d - 2 stones
Armour
 a - a +0 animal skin (worn)
Scrolls
 e - a scroll of enchant armour {unknown}


   Skills:
 + Level 3.1 Fighting
 + Level 2.0 Armour
 + Level 2.0 Dodging
 + Level 3.1 Unarmed Combat


You couldn't memorise any spells.
You didn't know any spells.
Your spell library was empty.

Dungeon Overview and Level Annotations

Branches:
Dungeon (2/15)

Altars:


Message History

e - a scroll labelled JOSECH NETZUED You see here a ball python corpse.
You see here a ball python corpse.
Unknown command.
There is a stone staircase leading down here.
You climb downwards.
Found 25 gold pieces.
There is a stone staircase leading up here.
An adder comes into view.
The adder hisses angrily.
Found an escape hatch in the floor.
You see here 12 gold pieces.
You miss the adder. The adder bites you but does no damage.
The adder closely misses you.
You barely miss the adder. The adder bites you.
You are poisoned.
The adder poisons you!
You barely miss the adder.
You feel sick. The adder barely misses you.
You barely miss the adder.
You feel sick. The adder barely misses you.
You hit the adder.
The adder is moderately wounded.
The adder misses you. The adder bites you but does no damage.
You hit the adder.
The adder is heavily wounded.
You feel sick. The adder bites you.
You barely miss the adder.
The adder is heavily wounded.
You feel sick. The adder bites you.
* * * LOW HITPOINT WARNING * * *
You are lethally poisoned!
The adder poisons you!
You closely miss the adder.
The adder is heavily wounded.
* * * LOW HITPOINT WARNING * * *
You feel sick. The adder barely misses you.
You barely miss the adder.
The adder is heavily wounded.
* * * LOW HITPOINT WARNING * * *
You feel sick. The adder bites you.
You die...

.# #.# #.# #.# #.#
#
##########.#####.#
>.......##........
#.....<.......#
#...$S@........
#..............
#.........$...#
#..............
#............##
#..............
#............##
#............#


You could see an adder.

Vanquished Creatures
  A ball python (D:1)
  A goblin (D:1)
  A kobold (D:1)
3 creatures vanquished.

Vanquished Creatures (others)
  4 plants (D:1)
  2 withered plants (D:1)
6 creatures vanquished.

Grand Total: 9 creatures vanquished

Notes
Turn   | Place    | Note
-------+----------+-------------------------------------------
     0 | D:1      | randacct the Human Berserker began the quest for the Orb.
     0 | D:1      | Reached XP level 1. HP: 18/18 MP: 1/1
    54 | D:1      | Found a faded altar of an unknown god.
   143 | D:2      | Slain by an adder

Illustrated notes

Levels and vault maps discovered:
D:1:      dpeg_arrival_arbitrary_c, layout_rooms,
          shapermc_ecumenical_altar_flowoftime, minmay_pentomino_p2
D:2:      layout_basic, basic_altar, uniq_sigmund, uniq_terence

Action                   || total
-------------------------++-------
Melee: Unarmed           ||    52
       Punch             ||     4
Armor: Animal skin       ||     4
Dodge: Dodged            ||    14

Table legend: (Time is in decaauts)
 A = Elapsed time spent in this place.
 B = Non-inter-level travel time spent in this place.
 C = Inter-level travel time spent in this place.
 D = Time resting spent in this place.
 E = Time spent auto-exploring this place.
 F = Levels seen in this place.
 G = Mean time per level.
                   A        B        C        D        E       F      G
               +--------+--------+--------+--------+--------+-----+--------+
         Total |    139 |    114 |     25 |      0 |      0 |   2 |   69.5 |
       Dungeon |    139 |    114 |     25 |      0 |      0 |   2 |   69.5 |
               +--------+--------+--------+--------+--------+-----+--------+

Top non-repeatable levels by time:
     D:1: 125 daAuts
     D:2: 14 daAuts
